 Dungeon Crawl Stone Soup version 0.23-a0-419-g0174fd8 (console) character file.

1370 bli the Martial Artist (level 8, 0/51 HPs)
             Began as an Octopode Transmuter on Nov 11, 2018.
             Was a Priest of Uskayaw.
             Shot with an arrow by a centaur (3 damage)
             ... on level 6 of the Dungeon.
             The game lasted 00:20:24 (5126 turns).

bli the Martial Artist (Octopode Transmuter)        Turns: 5126, Time: 00:20:25

Health: 0/51       AC:  1    Str: 14    XL:     8   Next: 65%
Magic:  9/12       EV: 14    Int: 21    God:    Uskayaw [***...]
Gold:   328        SH:  0    Dex: 12    Spells: 6/12 levels left

rFire    + . .     SeeInvis .     - Unarmed
rCold    . . .     Gourm    .   (no shield)
rNeg     . . .     Faith    .   (helmet restricted)
rPois    .         Spirit   .   (no amulet)
rElec    .         Reflect  .   x - +3 ring of intelligence
rCorr    .         Harm     .   B - +2 ring of intelligence
MR       +....                  D - ring of protection from fire
Stlth    +++.......             J - ring of protection from magic
HPRegen  0.17/turn              F - +3 ring of strength
MPRegen  0.13/turn              (no ring)
                                (no ring)
                                (no ring)

@: no status effects
A: almost no armour, stealthy swim, amphibious, 8 rings, constrict 8, camouflage
1, gelatinous body 1
a: Stomp, Line Pass, Renounce Religion


You were on level 6 of the Dungeon.
You worshipped Uskayaw.
Uskayaw was noncommittal.
You were not hungry.

You visited 1 branch of the dungeon, and saw 6 of its levels.

You collected 328 gold pieces.

Inventory:

Hand Weapons
 b - a +0 blowgun
 r - a +0 hunting sling
 y - a +1 dagger of flaming
 C - a +1 flail of crushing
 E - the +6 hunting sling "Tuinnoust" {flame, Dex+2}
   (You found it on level 5 of the Dungeon)

   It causes projectiles fired from it to burn those they strike, causing extra
   injury to most foes and up to half again as much damage against particularly
   susceptible opponents.
   It affects your dexterity (+2).
Missiles
 a - 12 arrows
 s - 177 stones (quivered)
 u - 95 sling bullets
 w - 18 poisoned needles
 I - 3 tomahawks
Jewellery
 x - a +3 ring of intelligence (left tentacle)
 B - a +2 ring of intelligence (right tentacle)
 D - a ring of protection from fire (on tentacle)
 F - a +3 ring of strength (on tentacle)
 J - a ring of protection from magic (on tentacle)
Wands
 v - a wand of clouds (3)
 H - a wand of polymorph (10)
Scrolls
 d - a scroll of fear {unknown}
 f - 5 scrolls of teleportation {unknown}
 g - 2 scrolls of noise {unknown}
 h - 2 scrolls of amnesia {unknown}
 l - 7 scrolls of identify {unknown}
 n - a scroll of immolation {unknown}
 o - a scroll of remove curse {unknown}
 q - a scroll of fog {unknown}
 G - a scroll of random uselessness {unknown}
Potions
 e - 2 potions of berserk rage {unknown}
 i - 5 potions of curing {unknown}
 j - 3 potions of agility {unknown}
 k - 2 potions of might {unknown}
 m - 2 potions of brilliance {unknown}
 t - a potion of heal wounds {unknown}
 z - 2 potions of haste {unknown}
 A - a potion of invisibility {unknown}
Comestibles
 c - 8 rations
 p - a chunk of flesh


   Skills:
 + Level 2.6 Fighting
 + Level 1.4 Slings
 + Level 3.3 Dodging
 - Level 2.1 Stealth
 + Level 8.2 Unarmed Combat
 * Level 2.9 Spellcasting
 + Level 4.2 Transmutations
 + Level 2.7 Poison Magic


You had 6 spell levels left.
You knew the following spells:

 Your Spells              Type           Power        Failure   Level  Hunger
a - Beastly Appendage     Tmut           ###...       2%          1    None
b - Sticks to Snakes      Tmut           ###.....     3%          2    ##.....
s - Spider Form           Tmut/Pois      ###.......   10%         3    ###....

Your spell library contained the following spells:

 Spells                   Type           Power        Failure   Level  Hunger
 Ice Form                 Ice/Tmut       ##......     50%         4    ####...
 Petrify                  Tmut/Erth      ##......     50%         4    ####...
 Blade Hands              Tmut           ###.......   54%         5    ######.
 Summon Lightning Spire   Summ/Air       #.......     80%         4    ####...
 Irradiate                Conj/Tmut      ##........   83%         5    ######.
 Shadow Creatures         Summ           N/A          100%        6    #######


Dungeon Overview and Level Annotations

Branches:
Dungeon (6/15)             Temple (0/1) D:5

Altars:
Cheibriados
Elyvilon
Kikubaaqudgha
Nemelex Xobeh
Uskayaw
Vehumet
Zin
The Shining One

Shops:
D:4 *(


Innate Abilities, Weirdness & Mutations

You cannot wear most types of armour.
You are very stealthy in the water. (Stealth+)
You are amphibious.
You can wear up to eight rings at the same time.
You can use your tentacles to constrict eight enemies at once.
Your skin changes colour to match your surroundings (Stealth+).
Your rubbery body absorbs attacks. (AC +1, EV +1)


Message History

You bludgeon the worker ant!
You kill the worker ant!
The centaur is no longer paralysed. x2; The centaur wields a +0 shortbow.
The
* * * LOW HITPOINT WARNING * * *
The centaur barely misses you. The centaur hits you!
* * * LOW HITPOINT WARNING * * *
You stomp with the beat, sending a shockwave through the revelers around you!
You kill the centaur!
You feel somewhat more hungry.
The centaur shoots an arrow.
The arrow misses The arrow hits you.
* * * LOW HITPOINT WARNING * * *
You hear a bark!
Evoke which item? (* to show all) (? for menu, Esc to quit)
Aiming: Cloud Cone
Press: ? - help, Dir - move target cursor, f - centaur
Aim: a centaur, wielding a +0 shortbow You create a blast of flame!
The centaur is engulfed in blazing flames.
The centaur shoots an arrow.
The arrow hits you.
You die...

.#....#.[....
............# .#
....#........# ..#
#..........<.#..##
##..#..##.(.......#
#..[.............##
##.............#.#
............#### #
#......((..##
#......).###
###.§§§§@# ##§§c###
#§§. #§.) ....c
.##... ) ##.# c. ..
..... ... .... #
.... ...# .##


You could see a centaur.

Vanquished Creatures
  Pikel (D:4)
  2 sky beasts (D:5)
  2 centaurs (D:6)
  2 crimson imps (D:5)
  2 hounds (D:5)
  3 orc wizards
  2 orc priests
  An iguana (D:5)
  3 worker ants
  A gnoll (D:1)
  6 adders
  A shadow imp (D:5)
  2 oozes
  3 dart slugs
  4 leopard geckos
  21 orcs
  10 bats
  4 giant cockroaches
  10 goblins
  7 hobgoblins
  9 jackals
  2 quokkas
  4 ball pythons
  6 frilled lizards
  A jackal skeleton (D:4)
  4 kobolds
  A quokka skeleton (D:4)
  4 rats
118 creatures vanquished.

Vanquished Creatures (others)
  4 goblins (D:4)
4 creatures vanquished.

Grand Total: 122 creatures vanquished

Notes
Turn   | Place    | Note
-------+----------+-------------------------------------------
     0 | D:1      | bli the Octopode Transmuter began the quest for the Orb.
     0 | D:1      | Reached XP level 1. HP: 13/13 MP: 3/3
   239 | D:1      | Reached XP level 2. HP: 17/18 MP: 5/5
   300 | D:1      | Reached skill level 4 in Unarmed Combat
   309 | D:1      | Learned a level 2 spell: Sticks to Snakes
   558 | D:1      | Reached XP level 3. HP: 18/23 MP: 4/6
  1802 | D:2      | Learned a level 3 spell: Spider Form
  1806 | D:2      | Found a hide-covered altar of Uskayaw.
  1807 | D:2      | Found a snail-covered altar of Cheibriados.
  1807 | D:2      | Found a radiant altar of Vehumet.
  1816 | D:2      | Became a worshipper of Uskayaw the Reveler
  1884 | D:2      | Reached * piety under Uskayaw
  1885 | D:2      | Reached XP level 4. HP: 22/28 MP: 5/7
  1887 | D:2      | Reached ** piety under Uskayaw
  1893 | D:2      | Reached skill level 5 in Unarmed Combat
  2487 | D:3      | Found an ancient bone altar of Kikubaaqudgha.
  2497 | D:3      | Reached skill level 1 in Poison Magic
  2498 | D:3      | Reached XP level 5. HP: 22/34 MP: 6/8
  2499 | D:3      | Reached *** piety under Uskayaw
  3298 | D:4      | Found Tebagino's Antique Weapon Shoppe.
  3307 | D:4      | Reached **** piety under Uskayaw
  3350 | D:4      | Found Rofeuwn's Assorted Antiques.
  3466 | D:4      | Reached XP level 6. HP: 34/39 MP: 7/9
  3578 | D:4      | Reached skill level 6 in Unarmed Combat
  3930 | D:4      | Found a sparkling altar of Nemelex Xobeh.
  3966 | D:4      | Noticed a slave
  3966 | D:4      | Noticed a slave
  3966 | D:4      | Noticed a slave
  3966 | D:4      | Noticed a slave
  3992 | D:4      | Noticed Pikel
  4006 | D:4      | Killed Pikel
  4006 | D:4      | Reached skill level 1 in Stealth
  4006 | D:4      | Reached skill level 7 in Unarmed Combat
  4006 | D:4      | Reached XP level 7. HP: 26/45 MP: 1/10
  4157 | D:5      | Entered Level 5 of the Dungeon
  4261 | D:5      | Found a staircase to the Ecumenical Temple.
  4274 | D:5      | Got a shimmering hunting sling
  4286 | D:5      | Identified the +6 hunting sling "Tuinnoust" {flame, Dex+2}
                  | (You found it on level 5 of the Dungeon)
  4305 | D:5      | Reached skill level 8 in Unarmed Combat
  4305 | D:5      | Reached XP level 8. HP: 41/50 MP: 11/11
  4332 | D:5      | Identified the Volume of Creative Moulding
  4600 | D:5      | Found a glowing silver altar of Zin.
  4600 | D:5      | Found a white marble altar of Elyvilon.
  4600 | D:5      | Found a glowing golden altar of the Shining One.
  4921 | D:5      | Reached skill level 1 in Slings
  4945 | D:6      | Found a glowing golden altar of the Shining One.
  5126 | D:6      | Shot with an arrow by a centaur

Vault maps used:
D:1:      nicolae_arrival_washed_ashore, grunt_decor_clamped
D:2:      gammafunk_temple_overflow_claw
D:3:      lemuel_doored_altar, eino_tiny_chamber, grunt_ministairs_1
D:4:      kennysheep_the_goblin_king, serial_shops,
          nicolae_shop_temple_entry_statues_fountains, minmay_shop_grid_forest,
          nemelex_xobeh_ov_fountains_minmay, uniq_pikel
D:5:      good_gods_mini_temple, temple_pool_b, first_ration
D:6:      basic_altar, uniq_blork_the_orc

Skill      XL: |  1  2  3  4  5  6  7  8 |
---------------+-------------------------+-----
Unarmed Combat | 4 5 7 8 |  8.2
Poison Magic   | 1 2 |  2.7
Fighting       | 2 |  2.6
Dodging        | 3 |  3.3
Stealth        | 1 2 |  2.1
Transmutations | 4 |  4.2
Slings         | 1 |  1.4
Spellcasting   | |  2.9

Action                   |  1- 3 |  4- 6 |  7- 9 || total
-------------------------+-------+-------+-------++-------
Melee: Unarmed           |    61 |   109 |    89 ||   259
       Constrict         |    16 |    29 |    21 ||    66
       Kick              |     8 |    19 |    13 ||    40
       Tentacles         |    11 |    16 |    17 ||    44
       Punch             |     2 |     5 |     5 ||    12
 Fire: Blowgun           |       |     7 |     4 ||    11
       Hunting sling     |       |       |     8 ||     8
Throw: Stone             |       |     2 |    11 ||    13
 Cast: Beastly Appendage |     9 |    15 |     8 ||    32
       Spider Form       |       |     1 |     2 ||     3
Invok: Stomp             |       |       |     1 ||     1
Evoke: Wand              |       |       |     1 ||     1
 Stab: Sleeping          |    11 |     3 |       ||    14
       Paralysed         |       |     1 |     5 ||     6
  Eat: Chunk             |     3 |     7 |     4 ||    14
Armor: Skin              |     3 |     5 |     3 ||    11
Dodge: Dodged            |    28 |    72 |    81 ||   181

Table legend:
 A = Non-vault XP
 B = Vault XP
 C = Vault XP percentage of total XP
 D = Non-vault monster count
 E = Vault monster count
 F = Vault count percentage of total count
                 A         B        C        D         E       F
            +---------+---------+-------+---------+---------+-------
      Total |    1308 |     650 |  33.2 |     112 |       6 |   5.1
            +---------+---------+-------+---------+---------+-------
        D:1 |      43 |       0 |   0.0 |      17 |       0 |   0.0
        D:2 |      84 |       0 |   0.0 |      20 |       0 |   0.0
        D:3 |      77 |       4 |   4.9 |      19 |       2 |   9.5
        D:4 |     200 |     646 |  76.4 |      17 |       4 |  19.0
        D:5 |     642 |       0 |   0.0 |      33 |       0 |   0.0
        D:6 |     262 |       0 |   0.0 |       6 |       0 |   0.0
            +---------+---------+-------+---------+---------+-------
